 Dungeon Crawl Stone Soup version 0.28.0 (webtiles) character file.

Game seed: 11264219340960453463

37 sanka the Vexing (level 3, -2/24 HPs)
             Began as a Human Enchanter on Feb 9, 2022.
             Was a Follower of Sif Muna.
             Succumbed to an adder's poison
             ... on level 2 of the Dungeon.
             The game lasted 00:03:39 (2489 turns).

sanka the Vexing (Human Enchanter)                  Turns: 2489, Time: 00:03:40

Health: -2/24      AC:  2    Str:  8    XL:     3   Next: 62%
Magic:  1/6        EV: 12    Int: 17    God:    Sif Muna [*.....]
Gold:   36         SH:  0    Dex: 13    Spells: 1/6 levels left

rFire   . . .      SeeInvis .   a - +1 dagger
rCold   . . .      Faith    .   (no shield)
rNeg    . . .      Spirit   .   b - +0 robe
rPois   .          Reflect  .   (no helmet)
rElec   .          Harm     .   (no cloak)
rCorr   .          Rampage  .   (no gloves)
Will    .....                   (no boots)
Stlth   ++........              (no amulet)
HPRegen 0.08/turn               (no ring)
MPRegen 0.10/turn               (no ring)

@: lethally poisoned (-2 -> -17)
A: no striking features
a: Renounce Religion, Channel Magic


You were on level 2 of the Dungeon.
You worshipped Sif Muna.
Sif Muna was aware of your devotion.
You visited 1 branch of the dungeon, and saw 2 of its levels.

You collected 36 gold pieces.

Inventory:

Hand Weapons
 a - a +1 dagger (weapon)
Armour
 b - a +0 robe (worn)
Scrolls
 d - a scroll of identify {unknown}
 g - a scroll of immolation {unknown}
Potions
 c - a potion of invisibility
 f - a potion of flight {unknown}


   Skills:
 - Level 1.0 Short Blades
 - Level 2.0 Dodging
 - Level 3.0 Stealth
 - Level 2.0 Spellcasting
 + Level 4.4 Hexes


You had one spell level left.
You knew the following spells:

 Your Spells              Type           Power      Damage    Failure   Level
a - Ensorcelled Hibernat  Hex/Ice        18%        N/A       12%         2
b - Confusing Touch       Hex            16%        N/A       10%         3

Your spell library contained the following spells:

 Spells                   Type           Power      Damage    Failure   Level
 Tukima's Dance           Hex            16%        N/A       10%         3
 Dazzling Flash           Conj/Hex       18%        N/A       24%         3


Dungeon Overview and Level Annotations

Branches:
Dungeon (2/15)

Altars:
Sif Muna

Shops:
D:1 [

Annotations:
D:2 exclusion: adder


Message History

Confirm with . or Enter, or press ? or * to list all spells.
Aiming: Ensorcelled Hibernation (safe; 12% risk of failure)
Press: ? - help, Shift-Dir - straight line, f/p - adder
Aim: an adder (severely wounded, chance to affect: 51%)
The adder resists with some effort.
The adder misses you.
Unknown command.
You feel better. The adder bites you.
You are poisoned.
The adder poisons you! The adder closely misses you.
Unknown command.
You hit the adder.
The adder is almost dead.
You feel sick. The adder closely misses you.
You closely miss the adder.
The adder is almost dead.
You feel sick. The adder closely misses you.
You barely miss the adder.
The adder is almost dead.
You feel sick. The adder bites you.
You are more poisoned.
The adder poisons you!
You barely miss the adder.
The adder is almost dead.
You feel sick. The adder bites you.
* * * LOW HITPOINT WARNING * * *
You are more poisoned.
The adder poisons you!
Unknown command.
You completely miss the adder.
The adder is almost dead.
* * * LOW HITPOINT WARNING * * *
You feel very sick. The adder bites you.
* * * LOW HITPOINT WARNING * * *
You are more poisoned.
The adder poisons you! The adder bites you but does no damage.
Unknown command.
You closely miss the adder.
The adder is almost dead.
You die...

#### ....... ...# .......
######## ...# .......
########......# ...##........
#......#......# ...##........
#......#...[..# ...##........
#......#......#
.............####......#......#
...............S@.............#
###....##########......#......#
#....# ##############......#
###....####.........#######.#####
..[............................>.
###########.........#####.##.#...
##### #.............#.##.#...
....# #..........#.##.##).#.#
....# #..........#.##.###.#.#


You could see an adder.

Vanquished Creatures
  A dart slug (D:1)
  3 bats (D:1)
  2 endoplasms
  3 giant cockroaches
  2 hobgoblins
  6 jackals
  2 quokkas
  3 ball pythons
  A frilled lizard (D:2)
  4 goblins
  3 rats (D:1)
30 creatures vanquished.

Vanquished Creatures (others)
  4 toadstools (D:1)
4 creatures vanquished.

Grand Total: 34 creatures vanquished

Notes
Turn   | Place    | Note
-------+----------+-------------------------------------------
     0 | D:1      | sanka the Human Enchanter began the quest for the Orb.
     0 | D:1      | Reached XP level 1. HP: 13/13 MP: 3/3
   190 | D:1      | Reached XP level 2. HP: 15/19 MP: 5/5
   253 | D:1      | Learned a level 2 spell: Ensorcelled Hibernation
   276 | D:1      | Found a faded altar of an unknown god.
   304 | D:1      | Prayed at the altar of an unknown god.
   304 | D:1      | Became a worshipper of Sif Muna the Loreminder
   304 | D:1      | Reached * piety under Sif Muna
   572 | D:1      | Found Naeqiguch's Armour Emporium.
   977 | D:1      | Reached skill level 4 in Hexes
   977 | D:1      | Reached XP level 3. HP: 19/24 MP: 6/6
   993 | D:1      | Learned a level 3 spell: Confusing Touch
  2488 | D:2      | HP: 1/24 [adder (2)]
  2489 | D:2      | Succumbed to an adder's poison

Illustrated notes

Levels and vault maps discovered:
D:1:      ldierk_walled_garden_2, layout_rooms,
          nicolae_ecumenical_snake_handling, serial_shops, shop
D:2:      layout_basic

Skill      XL: |  1  2 |
---------------+-------+-----
Hexes          | 4 |  4.4
Short Blades   | |  1.0
Dodging        | |  2.0
Stealth        | |  3.0
Spellcasting   | |  2.0

Action                   || total
-------------------------++-------
Melee: Dagger            ||   150
       Punch             ||     2
 Cast: Ensorcelled Hiber ||    17
       Confusing Touch   ||     1
  Use: Potion            ||     3
 Stab: Invisible         ||     4
       Sleeping          ||     7
Armor: Robe              ||    27
Dodge: Dodged            ||    97
